 Dungeon Crawl Stone Soup version 0.28.0-1-gb440e238dd (webtiles) character file.

Game seed: 7997223704351079514

60 themarg the Fighter (level 4, 0/45 HPs)
             Began as a Gnoll Wanderer on Feb 19, 2022.
             Was a Follower of Uskayaw.
             Slain by a gnoll (3 damage)
             ... on level 3 of the Dungeon.
             The game lasted 00:07:58 (2274 turns).

themarg the Fighter (Gnoll Wanderer)                Turns: 2274, Time: 00:07:59

Health: 0/45       AC:  8    Str: 14    XL:     4   Next: 4%
Magic:  8/8        EV:  9    Int: 12    God:    Uskayaw [*.....]
Gold:   87         SH:  0    Dex: 10    Spells: 6/8 levels left

rFire   . . .      SeeInvis +   f - +1 dagger (vamp)
rCold   . . .      Faith    .   (no shield)
rNeg    . . .      Spirit   .   m - +0 scale mail
rPois   .          Reflect  .   (no helmet)
rElec   .          Harm     .   (no cloak)
rCorr   .          Rampage  .   e - +0 pair of gloves
Will    .....                   l - +0 pair of boots
Stlth   ..........              (no amulet)
HPRegen 0.15/turn               h - ring of see invisible
MPRegen 0.11/turn               (no ring)

@: no status effects
A: fangs 1, strong nose, distributed training
a: Renounce Religion, Stomp


You were on level 3 of the Dungeon.
You worshipped Uskayaw.
Uskayaw was noncommittal.
You visited 1 branch of the dungeon, and saw 3 of its levels.

You collected 87 gold pieces.

Inventory:

Hand Weapons
 f - a +1 vampiric dagger (weapon)
Armour
 b - a +0 leather armour
 e - a +0 pair of gloves (worn)
 l - a +0 pair of boots (worn)
 m - a +0 scale mail (worn)
Jewellery
 h - a ring of see invisible (left hand)
Wands
 j - a wand of digging (1)
Scrolls
 a - 2 scrolls of identify {unknown}
 g - a scroll of enchant weapon {unknown}
 i - a scroll of noise {unknown}
Potions
 c - a potion of lignification
 d - 2 potions of haste {unknown}
 k - a potion of heal wounds {unknown}


   Skills:
 + Level 8.5 Fighting
 + Level 1.0 Short Blades
 + Level 1.0 Long Blades
 + Level 1.0 Axes
 + Level 1.0 Maces & Flails
 + Level 1.0 Polearms
 + Level 1.0 Staves
 + Level 1.0 Slings
 + Level 1.0 Bows
 + Level 1.0 Crossbows
 + Level 1.0 Throwing
 + Level 1.0 Armour
 + Level 1.0 Dodging
 + Level 1.0 Stealth
 + Level 1.0 Shields
 + Level 1.0 Unarmed Combat
 + Level 2.9 Spellcasting
 + Level 5.4 Conjurations
 + Level 0.7 Hexes
 + Level 2.2 Summonings
 + Level 0.7 Necromancy
 + Level 0.7 Translocations
 + Level 0.7 Transmutations
 + Level 0.7 Fire Magic
 + Level 0.7 Ice Magic
 + Level 0.7 Air Magic
 + Level 0.7 Earth Magic
 + Level 0.7 Poison Magic
 + Level 1.1 Invocations
 + Level 2.7 Evocations


You had 6 spell levels left.
You knew the following spells:

 Your Spells              Type           Power      Damage    Failure   Level
a - Summon Small Mammal   Summ           28%        N/A       41%         1
b - Shock                 Conj/Air       36%        1d5       30%         1

Your spell library contained the following spells:

 Spells                   Type           Power      Damage    Failure   Level
 Mephitic Cloud           Conj/Pois/Air  7%         N/A       77%         3
 Call Canine Familiar     Summ           7%         N/A       78%         3
 Fulminant Prism          Conj/Hex       4%         3d6       96%         4


Dungeon Overview and Level Annotations

Branches:
Dungeon (3/15)

Altars:
Uskayaw

Annotations:
D:3 Grinder


Innate Abilities, Weirdness & Mutations

You have very sharp teeth.
Your uncanny sense of smell can sniff out nearby items.
Your experience applies equally to all skills.


Message History

Grinder barely misses you.
You can now pass through a line of other dancers.
Grinder blinks!
You can no longer pass through a line of other dancers.
Found a stone staircase leading down.
Grinder says, "There's only one good use for a tongue: cutting it out."
There is a stone staircase leading down here.
Grinder gestures at you. Pain shoots through your body!
Grinder blinks!
Grinder gestures at you.
You suddenly lose the ability to move!
Grinder gestures at you.
You barely resist. Grinder gestures at you. Pain shoots through your body!
The gnoll barely misses you. Grinder hits you.
The gnoll hits you but does no damage.
Grinder blinks!
You can move again.
Grinder hits you.
You writhe in agony.
* * * LOW HITPOINT WARNING * * *
Grinder completely misses you.
A gnoll comes into view. It is wielding a +0 whip.
Grinder blinks!
Grinder gestures at you. Pain shoots through your body!
* * * LOW HITPOINT WARNING * * *
Grinder hits you but does no damage. Grinder gestures at you.
You resist with significant effort.
Grinder blinks!
Grinder blinks!
The gnoll shouts!
The gnoll barely misses you. The gnoll hits you with a +0 whip.
* * * LOW HITPOINT WARNING * * *
The gnoll closely misses you.
There is a stone staircase leading up here.
The gnoll hits you with a +0 whip.
You die...

#.# #.# ########.#
#.g..g...#
#########.#####..#
+.........#...#..#
########..#.#....#
#####g.#.#.#.##
#.g@#..#.#....#
#g###..#g#.#..#
#...g..#.#.#..#
######.#g#.#..#
#.#.#.#..#
#.#...#..#
#.#.###..#
#.#......#
#.#.####.#


You could see 2 gnolls.

Vanquished Creatures
  2 adders
  2 dart slugs (D:2)
  2 bats
  4 endoplasms
  5 goblins
  5 hobgoblins
  2 jackals (D:2)
  3 kobolds (D:2)
  2 quokkas (D:2)
  2 ball pythons
  2 frilled lizards (D:2)
  3 rats
34 creatures vanquished.

Notes
Turn   | Place    | Note
-------+----------+-------------------------------------------
     0 | D:1      | themarg the Gnoll Wanderer began the quest for the Orb.
     0 | D:1      | themarg set off with the following items: a +0 club, a +0
                  | leather armour, a potion of lignification; and the
                  | following spells available to memorise: Shock, Summon Small
                  | Mammal, Call Canine Familiar, Mephitic Cloud, Fulminant
                  | Prism
     0 | D:1      | Reached XP level 1. HP: 26/26 MP: 4/4
     2 | D:1      | Learned a level 1 spell: Summon Small Mammal
     4 | D:1      | Learned a level 1 spell: Shock
   749 | D:1      | Reached XP level 2. HP: 33/33 MP: 5/5
   791 | D:1      | Found a faded altar of an unknown god.
   953 | D:1      | Prayed at the altar of an unknown god.
   953 | D:1      | Became a worshipper of Uskayaw the Reveller
   953 | D:1      | Reached * piety under Uskayaw
  1127 | D:2      | Reached ** piety under Uskayaw
  1129 | D:2      | Reached XP level 3. HP: 35/38 MP: 7/7
  1321 | D:2      | Reached skill level 1 in Invocations
  1840 | D:3      | Reached skill level 1 in Short Blades
  1840 | D:3      | Reached skill level 1 in Long Blades
  1840 | D:3      | Reached skill level 1 in Axes
  1840 | D:3      | Reached skill level 1 in Maces & Flails
  1840 | D:3      | Reached skill level 1 in Polearms
  1840 | D:3      | Reached skill level 1 in Staves
  1840 | D:3      | Reached skill level 1 in Slings
  1840 | D:3      | Reached skill level 1 in Bows
  1840 | D:3      | Reached skill level 1 in Crossbows
  1840 | D:3      | Reached skill level 1 in Throwing
  1840 | D:3      | Reached skill level 1 in Armour
  1840 | D:3      | Reached skill level 1 in Dodging
  1840 | D:3      | Reached skill level 1 in Stealth
  1840 | D:3      | Reached skill level 1 in Shields
  1840 | D:3      | Reached skill level 1 in Unarmed Combat
  1982 | D:3      | Reached XP level 4. HP: 28/45 MP: 8/8
  2172 | D:3      | Noticed Grinder
  2222 | D:3      | Paralysed by Grinder for 6 turns
  2233 | D:3      | HP: 1/45 [Grinder/nerve-wracking pain (12)]
  2264 | D:3      | HP: 2/45 [gnoll (4)]
  2274 | D:3      | Slain by a gnoll

Illustrated notes

Levels and vault maps discovered:
D:1:      minmay_arrival_stair_chambers, layout_basic,
          shapermc_ecumenical_altar_starsandcircs
D:2:      layout_basic
D:3:      layout_basic, kennysheep_boxes, uniq_natasha, uniq_grinder

Skill      XL: |  1  2  3 |
---------------+----------+-----
Summonings     | 2 |  2.2
Invocations    | 1 |  1.1
Short Blades   | 1 |  1.0
Long Blades    | 1 |  1.0
Axes           | 1 |  1.0
Maces & Flails | 1 |  1.0
Polearms       | 1 |  1.0
Staves         | 1 |  1.0
Slings         | 1 |  1.0
Bows           | 1 |  1.0
Crossbows      | 1 |  1.0
Throwing       | 1 |  1.0
Armour         | 1 |  1.0
Dodging        | 1 |  1.0
Stealth        | 1 |  1.0
Shields        | 1 |  1.0
Unarmed Combat | 1 |  1.0
Fighting       | |  8.5
Spellcasting   | |  2.9
Conjurations   | |  5.4
Hexes          | |  0.7
Necromancy     | |  0.7
Translocations | |  0.7
Transmutations | |  0.7
Fire Magic     | |  0.7
Ice Magic      | |  0.7
Air Magic      | |  0.7
Earth Magic    | |  0.7
Poison Magic   | |  0.7
Evocations     | |  2.7

Action                   |  1- 3 |  4- 6 || total
-------------------------+-------+-------++-------
Melee: Club              |    23 |       ||    23
       Dagger            |   145 |     7 ||   152
       Bite              |    18 |       ||    18
       Punch             |     4 |     1 ||     5
 Stab: Sleeping          |     1 |       ||     1
Armor: Leather armour    |    54 |       ||    54
       Scale mail        |       |     4 ||     4
Dodge: Dodged            |    84 |     6 ||    90
